 Dungeon Crawl Stone Soup version 0.30.0-10-gfe55d96785 (webtiles) character file.

Game seed: 8938487875698998944

2194 monsoonserge the Skirmisher (level 9, -9/71 (75) HPs)
             Began as a Meteoran Fighter on May 15, 2023.
             Was a Follower of Qazlal.
             Mangled by a wyvern (12 damage)
             ... on level 7 of the Dungeon.
             The game lasted 00:29:18 (3250 turns).

monsoonserge the Skirmisher (Meteoran Fighter)      Turns: 3250, Time: 00:29:19

HP:   -9/71 (75)    AC:  8    Str: 20    XL:     9   Next: 90%
MP:   0/13          EV: 11    Int: 10    God:    Qazlal [*.....]
Gold: 292           SH:  7    Dex: 16    Spells: 8/10 levels left

rFire   . . .        y - +1 mace (heavy)
rCold   . . .        c - +0 buckler
rNeg    . . .        H - +0 ring mail
rPois   .            q - +0 helmet
rElec   .            (no cloak)
rCorr   .            (no gloves)
SInv    +            f - +0 pair of boots
Will    +....        z - amulet of guardian spirit
Stlth   +            r - ring of see invisible
HPRegen 0.31/turn    (no ring)
MPRegen 0.13/turn

%: guardian spirit
@: glowing, drained
A: sense surroundings 2, otherworldly, glowing, explore regen
a: Renounce Religion


You were on level 7 of the Dungeon.
You worshipped Qazlal.
Qazlal was aware of your devotion.
You visited 2 branches of the dungeon, and saw 9 of its levels.

You collected 292 gold pieces.

Inventory:

Hand Weapons
 i - the +9 sling of Havoc {freeze, rCorr Str+3 Int-5}
   (You found it on level 2 of the Dungeon)

   Str:       It affects your strength (+3).
   Int:       It affects your intelligence (-5).
   rCorr:     It protects you from acid and corrosion.
 y - a +1 heavy mace (weapon)
Missiles
 n - 8 boomerangs
 s - 27 poisoned darts
 t - 6 javelins
 w - 5 datura-tipped darts
 G - 3 atropa-tipped darts
Armour
 b - a +0 scale mail
 c - a +0 buckler (worn)
 f - a +0 pair of boots (worn)
 q - a +0 helmet (worn)
 D - a +0 leather armour
 H - a +0 ring mail (worn)
Jewellery
 r - a ring of see invisible (left hand)
 z - an amulet of guardian spirit (around neck)
Wands
 e - a wand of polymorph (8)
Scrolls
 a - a scroll of noise {unknown}
 m - 2 scrolls of acquirement {unknown}
 p - a scroll of enchant weapon
 u - 2 scrolls of immolation
 v - 3 scrolls of enchant armour
 x - a scroll of amnesia
 B - 2 scrolls of teleportation
 C - a scroll of summoning
 E - a scroll of poison {unknown}
Potions
 d - a potion of might
 g - 2 potions of berserk rage
 h - a potion of mutation {unknown}
 j - a potion of flight {unknown}
 k - a potion of magic {unknown}
 l - 2 potions of ambrosia
 o - a potion of attraction {unknown}
 A - 2 potions of curing
 F - a potion of cancellation {unknown}


   Skills:
 + Level 5.8 Fighting
 + Level 4.2 Maces & Flails
 + Level 8.9 Ranged Weapons
 + Level 5.9 Armour
 + Level 2.9 Dodging
 + Level 4.6 Shields
 * Level 1.1 Spellcasting
 * Level 2.6 Translocations
 + Level 4.2 Invocations
 - Level 2.0 Evocations


You had 8 spell levels left.
You knew the following spells:

 Your Spells              Type           Power      Damage    Failure   Level
a - Blink                 Tloc           10%        N/A       34%         2

Your spell library contained the following spells:

 Spells                   Type           Power      Damage    Failure   Level
 Lesser Beckoning         Tloc           10%        N/A       34%         2
 Momentum Strike          Conj/Tloc      6%         3d8       52%         2
 Beastly Appendage        Tmut           0%         N/A       56%         1
 Wereblood                Tmut           0%         N/A       71%         2
 Hailstorm                Conj/Ice       0%         3d3       90%         3
 Spider Form              Tmut/Pois      0%         N/A       90%         3
 Ice Form                 Ice/Tmut       0%         N/A       100%        4
 Simulacrum               Ice/Necr       0%         N/A       100%        6


Dungeon Overview and Level Annotations

Branches:
Dungeon (8/15) Zot: 1506   Temple (1/1) D:6 Zot: 518
   Lair: D:8-11

Altars:
Ashenzari
Cheibriados
Dithmenos
Elyvilon
Fedhas
Gozag
Hepliaklqana
Kikubaaqudgha
Makhleb
Nemelex Xobeh
Okawaru
Qazlal
Ru
Trog
Uskayaw
Vehumet
Wu Jian
Xom
Yredelemnul
Zin
The Shining One

Shops:
D:4 *


Innate Abilities, Weirdness & Mutations

You passively map the area around you.
You are easily found by Zot.
You glow in the dark.
You regain HP and MP as you explore.


Message History

The wight hits you with a +2 mace of draining.
You feel drained. x2; You block the wyvern's attack.
You sock the wight!
The wight is severely damaged.
You feel stable enough to blink again. The wyvern bites you!
The wight hits you with a +2 mace of draining.
You feel drained. x2; The wyvern closely misses you.
You sock the wight!
You destroy the wight!
Qazlal accepts your kill.
The wyvern bites you but does no damage.
The wyvern bites you!
Your magical contamination has completely faded away.
You hit the wyvern but do no damage.
The wyvern is heavily wounded.
The wyvern bites you!
* * * LOW HITPOINT WARNING * * *
The wyvern bites you.
* * * LOW HITPOINT WARNING * * *
You block the wyvern's attack.
You barely miss the wyvern.
The wyvern is heavily wounded.
The wyvern closely misses you. x2; The wyvern bites you!
* * * LOW HITPOINT WARNING * * *
You sock the wyvern!
The wyvern is almost dead.
The wyvern bites you.
* * * LOW HITPOINT WARNING * * *
The wyvern bites you but does no damage.
You block the wyvern's attack.
You hit the wyvern but do no damage.
The wyvern is almost dead.
The wyvern bites you.
* * * LOW HITPOINT WARNING * * *
The wyvern completely misses you.
You closely miss the wyvern.
The wyvern is almost dead.
The wyvern bites you!
You die...

*♣~~P~~~ ~♣S# #... * .# *
♣P♣P~~~ ~P♣ #...## *#.###
~P~~≈≈~ P♣♣** #....#
##....*** ~~~~ ~
~♣P.###.##.####..# ,, *
~~ ~ ~ ♣...$.#P......###*
# ~ *♣.......P♣~....♣ ..
~~~~≈ ♣##.P..~♣♣~~...♣ #.
~~ ≈≈~~♣#♣§l..♣~~~~...#
**
~~~~~≈~~P~.)@.~♣~~~~[..♣#
## ~ ~
≈≈~♣♣....♣~~♣~..PP#####.
~ ~*♣##....~~♣..P..:....
~ ~~~ #....P♣...##.#####
~ ~ ~ ~~ ~ #.#####......#
~~ ~ #..>....###### ~ ~ ~
.>###### ~ ~ ~ ~ *,### ~
*


You could see a wyvern.

Vanquished Creatures
  2 water moccasins
  A sky beast (D:6)
  An ogre (D:5)
  An orc warrior (D:6)
  An ice beast (D:6)
  A centaur (D:7)
  A kobold brigand (D:5)
  3 phantoms
  A bullfrog (D:7)
  A scorpion (D:5)
  A wight (D:7)
  4 electric eels (D:7)
  2 howler monkeys
  A crimson imp (D:5)
  4 hounds
  4 jellies
  An orc priest (D:3)
  7 iguanas
  5 orc wizards
  4 adders
  7 gnolls
  A white imp (D:3)
  2 worms (D:2)
  2 dart slugs
  21 orcs
  6 ball pythons
  6 bats
  12 endoplasms
  3 giant cockroaches
  6 goblins
  7 hobgoblins
  8 jackals
  3 quokkas
  10 kobolds
  4 rats (D:1)
144 creatures vanquished.

Notes
Turn   | Place    | Note
-------+----------+-------------------------------------------
     0 | D:1      | monsoonserge the Meteoran Fighter began the quest for the
                  | Orb.
     0 | D:1      | Reached XP level 1. HP: 19/19 MP: 2/2
    48 | D:1      | Reached XP level 2. HP: 26/26 MP: 3/3
   172 | D:1      | Reached XP level 3. HP: 25/31 MP: 4/4
   719 | D:2      | Reached XP level 4. HP: 36/40 MP: 5/5
   723 | D:2      | Identified the +9 sling of Havoc {freeze, rCorr Str+3
                  | Int-5}
  1028 | D:3      | Reached skill level 1 in Dodging
  1035 | D:3      | Reached skill level 1 in Ranged Weapons
  1060 | D:3      | Reached XP level 5. HP: 46/46 MP: 6/6
  1124 | D:3      | Found an ancient bone altar of Kikubaaqudgha.
  1237 | D:4      | Noticed a phantom
  1342 | D:4      | Reached skill level 2 in Ranged Weapons
  1392 | D:4      | Reached XP level 6. HP: 52/52 MP: 7/7
  1549 | D:4      | Found a white marble altar of Elyvilon.
  1560 | D:4      | Became a worshipper of Elyvilon the Healer
  1601 | D:4      | Reached skill level 3 in Ranged Weapons
  1648 | D:4      | Reached skill level 1 in Invocations
  1688 | D:4      | Reached skill level 4 in Ranged Weapons
  1722 | D:4      | Reached XP level 7. HP: 53/60 MP: 9/9
  1745 | D:5      | Entered Level 5 of the Dungeon
  1854 | D:4      | Found Gonaeb's Assorted Antiques.
  1895 | D:5      | Noticed a water moccasin
  1899 | D:5      | Killed a water moccasin
  1900 | D:5      | Reached skill level 5 in Ranged Weapons
  1908 | D:5      | Reached XP level 8. HP: 64/67 MP: 11/11
  1985 | D:5      | Reached * piety under Elyvilon
  2014 | D:5      | Reached skill level 6 in Ranged Weapons
  2022 | D:5      | Reached skill level 5 in Fighting
  2025 | D:5      | Reached skill level 5 in Armour
  2040 | D:5      | HP: 1/68 [poisoned by a scorpion]
  2213 | D:5      | Found a burning altar of Makhleb.
  2299 | D:6      | Reached skill level 7 in Ranged Weapons
  2299 | D:6      | Gained mutation: You passively map the area around you.
                  | [Meteoran growth]
  2299 | D:6      | Reached XP level 9. HP: 74/74 MP: 13/13
  2385 | D:6      | Found a staircase to the Ecumenical Temple.
  2394 | Temple   | Entered the Ecumenical Temple
  2451 | Temple   | Fell from the grace of Elyvilon
  2451 | Temple   | Became a worshipper of Qazlal Stormbringer
  2569 | D:6      | Found a shadowy altar of Dithmenos.
  2576 | D:6      | Found an iron altar of Okawaru.
  2576 | D:6      | Found a hazy altar of Hepliaklqana.
  2714 | D:6      | Found a bloodstained altar of Trog.
  2824 | D:6      | Reached skill level 1 in Evocations
  2842 | D:6      | Reached skill level 8 in Ranged Weapons
  2863 | D:6      | Learned a level 2 spell: Blink
  2932 | D:7      | Reached skill level 1 in Spellcasting
  2937 | D:7      | Reached skill level 1 in Translocations
  3062 | D:7      | Found a snail-covered altar of Cheibriados.
  3084 | D:7      | Reached * piety under Qazlal
  3249 | D:7      | HP: 3/71 [wyvern (4)]
  3250 | D:7      | Mangled by a wyvern

Illustrated notes

Levels and vault maps discovered:
D:1:      dpeg_arrival_brainrot, layout_basic
D:2:      layout_basic, shapermc_ecumenical_altar_mp_ritualfount
D:3:      minmay_skewed_foursquare, layout_basic, lemuel_round_altar
D:4:      layout_loops_ring, mainiacjoe_overflow_alcove_1, serial_shops,
          nicolae_lakefront_shop, amcnicky_mini_corridor_feature,
          chequers_mini_garden
D:5:      layout_basic, makhleb_grotto_becter, amcnicky_mini_pool_medium
D:6:      layout_loops_corners, nicolae_overflow_crystal_walls,
          gammafunk_temple_overflow_forgotten, minmay_temple_entry_antechambers
D:7:      layout_rooms, cheibriados_altar_1, serial_bayou, serial_bayou_pond_a,
          serial_bayou_lake_a, serial_bayou_shore_a, serial_bayou_lagoon_b,
          kennysheep_small_circle
D:8:      layout_basic, chequers_serial_rivers_micro_d
Temple:   compressed_dpeg_triangle_lava_temple

Skill      XL: |  1  2  3  4  5  6  7  8  9 |
---------------+----------------------------+-----
Armour         | 4 5 |  5.9
Shields        | 4 |  4.6
Maces & Flails | 3 4 |  4.2
Dodging        | 1 2 |  2.9
Ranged Weapons | 1 2 4 5 7 8 |  8.9
Fighting       | 4 5 |  5.8
Invocations    | 1 3 4 |  4.2
Evocations     | 2 |  2.0
Spellcasting   | 1 |  1.1
Translocations | 2 |  2.6

Action                     |  1- 3 |  4- 6 |  7- 9 || total
---------------------------+-------+-------+-------++-------
  Melee: Flail             |    90 |     3 |       ||    93
         Mace              |       |       |    23 ||    23
   Fire: Sling             |       |    80 |   187 ||   267
   Cast: Blink             |       |       |     1 ||     1
 Invoke: Purification      |       |       |     1 ||     1
    Use: Scroll            |       |       |     9 ||     9
 Armour: Scale mail        |    71 |    23 |    46 ||   140
         Ring mail         |       |       |     7 ||     7
         Leather armour    |       |       |     2 ||     2
  Dodge: Dodged            |    49 |    20 |    50 ||   119
  Block: Buckler           |    27 |     5 |    22 ||    54
